 Dungeon Crawl Stone Soup version 0.30-a0-760-g5a9884bb7c (webtiles) character file.

Game seed: 7277861902373201714

1914 Pooter the Cleaver (level 8, -10/73 HPs)
             Began as a Minotaur Berserker on Feb 10, 2023.
             Was a Believer of Trog.
             Mangled by Menkaure (17 damage)
             ... on level 6 of the Dungeon.
             The game lasted 00:26:12 (6119 turns).

Pooter the Cleaver (Minotaur Berserker)             Turns: 6119, Time: 00:26:13

Health: -10/73     AC: 12    Str: 23    XL:     8   Next: 95%
Magic:  7/7        EV:  8    Int:  4    God:    Trog [**....]
Gold:   71         SH:  0    Dex: 11    Spells: 7/7 levels left

rFire   . . .      SeeInvis .    a - +0 war axe
rCold   + . .      Faith    .    (no shield)
rNeg    + . .      Spirit   .    h - +1 chain mail {rC+}
rPois   .          Reflect  .    (helmet restricted)
rElec   .          Harm     .    m - +2 cloak
rCorr   +          Rampage  .    (no gloves)
Will    ++...                    (no boots) Stlth
                                 q - amulet of regeneration
HPRegen 2.12/turn                C - ring of resist corrosion
MPRegen 0.10/turn                N - ring of positive energy

@: confused, ambrosia-drunk, strong-willed (expiring), on berserk cooldown,
regenerating (expiring), slowed, very slow
A: horns 2, retaliatory headbutt
a: Renounce Religion, Berserk, Trog's Hand


You were on level 6 of the Dungeon.
You worshipped Trog.
Trog was pleased with you.
You visited 1 branch of the dungeon, and saw 6 of its levels.

You collected 377 gold pieces.
You spent 306 gold pieces at shops.

Inventory:

Hand Weapons
 a - a +0 war axe (weapon)
   (You took it off an orc on level 6 of the Dungeon)
 b - a +0 arbalest
   (You found it on level 3 of the Dungeon)
 k - a +0 trident
   (You found it on level 1 of the Dungeon)
 z - a +1 flail of holy wrath
   (You took it off an orc on level 4 of the Dungeon)
 H - a +4 hand axe of venom
   (You bought it in a shop on level 1 of the Dungeon)
Missiles
 l - 5 boomerangs (quivered)
 p - 8 poisoned darts
 B - 3 boomerangs of dispersal {!f}
 Q - 51 stones
Armour
 h - a +1 chain mail of cold resistance (worn)
   (You bought it in a shop on level 2 of the Dungeon)
 m - a +2 cloak (worn)
   (You found it on level 1 of the Dungeon)
Jewellery
 q - an amulet of regeneration (around neck)
   (You found it on level 3 of the Dungeon)
 C - a ring of resist corrosion (left hand)
   (You found it on level 2 of the Dungeon)
 N - a ring of positive energy (right hand)
   (You found it on level 4 of the Dungeon)
Wands
 d - a wand of iceblast (11)
   (You found it on level 5 of the Dungeon)
 v - a wand of digging (5)
   (You found it on level 5 of the Dungeon)
 x - a wand of acid (7)
   (You found it on level 5 of the Dungeon)
 G - a wand of mindburst (13)
   (You found it on level 6 of the Dungeon)
Scrolls
 c - a scroll of butterflies
 e - a scroll of fear
 f - 2 scrolls of noise {!r}
 g - 5 scrolls of teleportation {unknown}
 j - a scroll of immolation {!r}
 u - 2 scrolls of silence
 F - a scroll of enchant armour
Potions
 n - a potion of mutation {unknown}
 o - 2 potions of lignification {!q}
 r - a potion of curing {unknown}
 s - a potion of berserk rage {unknown}
 t - a potion of invisibility {unknown}
 w - 2 potions of heal wounds {@q2}
 A - 2 potions of ambrosia
 D - a potion of attraction {unknown}
 E - a potion of haste {unknown}


   Skills:
 + Level 7.1 Fighting
 * Level 9.5(9.6) Axes
 - Level 1.3(6.1) Polearms
 * Level 7.9 Ranged Weapons
 - Level 2.4 Armour
 - Level 2.1 Dodging


You had 7 spell levels left.
You didn't know any spells.
Your spell library was empty.

Dungeon Overview and Level Annotations

Branches:
Dungeon (6/15)
 Temple: D:4-7

Altars:
Elyvilon
Kikubaaqudgha
Yredelemnul
The Shining One

Shops:
D:1 (   D:2 [   D:5 (

Annotations:
D:6 1 transporter, Menkaure


Innate Abilities, Weirdness & Mutations

You have a pair of horns on your head.
You reflexively headbutt those who attack you in melee.


Message History

Trog accepts your kill.
Menkaure shouts!
Menkaure shouts, "You disturbed my rest!
Die!"
Partly explored, unvisited transporter.
Search for what [? for help]? trans
There is a transporter here.
Okay, then.
Okay, then.
Your skin crawls.
You feel strong-willed.
A red film seems to cover your vision as you go berserk!
You feel yourself moving faster!
You feel mighty!
You enter the transporter and appear at another place.
You feel a strong urge to attack something.
You feel your anger nearly subside. The wraith closely misses you.
You furiously retaliate!
You headbutt the wraith!
You are no longer berserk.
You are exhausted.
You feel yourself slow down.
Menkaure calls on the powers of darkness!
Your body is wracked with pain!
The wraith hits you. The wraith drains your vigour!
You feel as though you will be slow longer.
You slash Menkaure! You slash the wraith! You hit the mummy.
The wraith hits you. The mummy barely misses you. Menkaure hits you!
* * * LOW HITPOINT WARNING * * *
You hit Menkaure but do no damage. You hit the wraith. You hit the mummy.
You feel the effects of Trog's Hand fading.
The wraith hits you.
* * * LOW HITPOINT WARNING * * *
The wraith drains your vigour!
You feel as though you will be slow longer.
Menkaure barely misses you. The mummy hits you but does no damage.
The wraith hits you.
* * * LOW HITPOINT WARNING * * *
The wraith drains your vigour!
You feel as though you will be slow longer.
You slash Menkaure! You hit the wraith but do no damage.
You barely miss the mummy. Menkaure hits you!
* * * LOW HITPOINT WARNING * * *
The wraith hits you but does no damage. The mummy hits you.
* * * LOW HITPOINT WARNING * * *
You are confused.
You feel invigorated. The wraith hits you!
* * * LOW HITPOINT WARNING * * *
The wraith drains your vigour!
You feel as though you will be slow longer.
Menkaure hits you!
You die...

#.#...##...#.($_}⌠)_$).#.##..##.#
#.#.#.###..#...........#.##..##.#
#.#.#.# #..#..##...##..#.##..##.#
#.#.#.# ##.#..#8...8#..#.##..##.#
#.#.#.# #.#..##...##..#.##..##.#
#.#.#.# #)#.....©.....#.....##.#
....#.####.#..##...##.[#.##.###.#
#.###......#..#8...8#..#....# #.#
#..........#..##@W.##..#.######.#
#..........#....MM.....#......#.#
#.#######..#©..........#.####.#.#
#.# #..#############....#.#.# #.#
#........©........#.#.#.# #.#
#.###.##............#.#.# #.# #.#
#.###.#####.....#.#.# #.# #.#
#.#.............#.#.# #.#
#.###.#######.......#.#.#


You could see a wraith, Menkaure and a mummy.

Vanquished Creatures
  A steam dragon (D:6)
  4 ice beasts
  2 ogres (D:5)
  3 phantoms
  Blork the orc (D:5)
  A necrophage (D:5)
  3 bullfrogs
  3 scorpions
  A howler monkey (D:6)
  3 hounds
  2 jellies
  An iguana (D:3)
  Jessica (D:3)
  2 gnoll boudas
  An orc wizard (D:5)
  9 gnolls
  5 adders
  An ufetubus (D:5)
  5 worms
  A dart slug (D:2)
  17 orcs
  5 ball pythons
  4 bats
  11 endoplasms
  3 giant cockroaches
  9 goblins
  5 hobgoblins
  A jackal (D:2)
  3 kobolds
  3 quokkas
  A frilled lizard (D:2)
  5 rats
117 creatures vanquished.

Notes
Turn   | Place    | Note
-------+----------+-------------------------------------------
     0 | D:1      | Pooter the Minotaur Berserker began the quest for the Orb.
     0 | D:1      | Reached XP level 1. HP: 19/19 MP: 0/0
   351 | D:1      | Found Muimejeyfu's Antique Weapon Boutique.
   537 | D:1      | Reached skill level 4 in Axes
   537 | D:1      | Reached XP level 2. HP: 27/27 MP: 1/1
   788 | D:2      | Reached skill level 1 in Ranged Weapons
   875 | D:2      | Reached skill level 1 in Polearms
   910 | D:2      | Reached XP level 3. HP: 30/33 MP: 2/2
  1116 | D:2      | Reached ** piety under Trog
  1163 | D:2      | Found Coer's Antique Armour Shop.
  1689 | D:3      | Identified the +2 falchion of Laluaph {drain, *Noise rPois
                  | rCorr Dex-5}
  1924 | D:3      | Noticed Jessica
  1929 | D:3      | Killed Jessica
  1930 | D:3      | Reached XP level 4. HP: 39/40 MP: 3/3
  2065 | D:1      | Bought a glowing hand axe for 126 gold pieces
  2226 | D:3      | Reached skill level 5 in Axes
  2471 | D:4      | Reached XP level 5. HP: 47/47 MP: 4/4
  2681 | D:4      | Found a glowing golden altar of the Shining One.
  2768 | D:4      | Reached XP level 6. HP: 53/53 MP: 5/5
  2864 | D:4      | Reached skill level 6 in Axes
  2908 | D:4      | Reached skill level 5 in Fighting
  3106 | D:2      | Bought a glowing chain mail for 180 gold pieces
  3212 | D:4      | Found a white marble altar of Elyvilon.
  3609 | D:5      | Entered Level 5 of the Dungeon
  3660 | D:5      | Reached XP level 7. HP: 61/61 MP: 6/6
  3968 | D:5      | Reached skill level 7 in Axes
  3968 | D:5      | Reached skill level 5 in Ranged Weapons
  3974 | D:5      | Noticed Blork the orc
  3982 | D:5      | Killed Blork the orc
  4197 | D:5      | Reached XP level 8. HP: 70/70 MP: 7/7
  4199 | D:5      | Reached skill level 8 in Axes
  4456 | D:5      | Found Lecloddu's Antique Weapon Shop.
  4906 | D:6      | Found an ancient bone altar of Kikubaaqudgha.
  5009 | D:6      | Noticed Menkaure
  5012 | D:6      | Found a basalt altar of Yredelemnul.
  5534 | D:6      | Reached skill level 9 in Axes
  5758 | D:6      | Found a transporter.
  5776 | D:6      | Found a transporter.
  6119 | D:6      | Mangled by Menkaure

Illustrated notes

Levels and vault maps discovered:
D:1:      matt_arrival_los_fun, layout_loops_ring, serial_shops, shop_statue
D:2:      minmay_door_path, layout_loops_ring, serial_rivers,
          chequers_serial_rivers_small_3, chequers_serial_rivers_marsh,
          chequers_serial_rivers_micro_c, chequers_serial_rivers_large_a,
          serial_shops, shop
D:3:      layout_loops_ring, uniq_jessica
D:4:      layout_basic, amcnicky_altar_gilded, nicolae_elyvilon_peaceful_grove
D:5:      layout_loops_ring, serial_shops, nicolae_take_the_stairs,
          nicolae_figureground_sparkle, uniq_blork_the_orc
D:6:      layout_basic, gammafunk_temple_of_torment, grunt_ministairs_5

Skill      XL: |  1  2  3  4  5  6  7  8 |
---------------+-------------------------+-----
Axes           | 4 5 6 7 9 |  9.5
Ranged Weapons | 1 2 3 4 6 7 |  7.9
Polearms       | 1 |  1.3
Fighting       | 4 5 6 7 |  7.1
Armour         | |  2.4
Dodging        | |  2.1

Action                     |  1- 3 |  4- 6 |  7- 9 || total
---------------------------+-------+-------+-------++-------
  Melee: Hand axe          |     1 |    20 |    54 ||    75
         Trident           |    40 |     1 |       ||    41
         Headbutt          |     5 |     2 |    14 ||    21
         War axe           |       |       |    23 ||    23
         Punch             |       |       |     1 ||     1
   Fire: Sling             |    73 |       |       ||    73
         Arbalest          |    10 |    80 |    63 ||   153
 Invoke: Berserk           |     1 |     2 |     6 ||     9
         Trog's Hand       |       |       |     2 ||     2
    Use: Scroll            |     2 |     2 |     6 ||    10
         Potion            |       |       |     1 ||     1
 Armour: Animal skin       |     9 |       |       ||     9
         Robe              |       |    23 |       ||    23
         Chain mail        |       |    20 |    61 ||    81
  Dodge: Dodged            |    27 |    53 |    39 ||   119
  Block: Buckler           |     2 |       |       ||     2

Table legend: (Time is in decaauts)
 A = Elapsed time spent in this place.
 B = Non-inter-level travel time spent in this place.
 C = Inter-level travel time spent in this place.
 D = Time resting spent in this place.
 E = Time spent auto-exploring this place.
 F = Levels seen in this place.
 G = Mean time per level.
                   A        B        C        D        E       F      G
               +--------+--------+--------+--------+--------+-----+--------+
         Total |   6355 |   5953 |    402 |    980 |   3901 |   6 | 1059.2 |
       Dungeon |   6355 |   5953 |    402 |    980 |   3901 |   6 | 1059.2 |
               +--------+--------+--------+--------+--------+-----+--------+

Top non-repeatable levels by time:
     D:6: 1519 daAuts
     D:2: 1154 daAuts
     D:5: 1094 daAuts
     D:4: 1082 daAuts
     D:3: 813 daAuts
     D:1: 691 daAuts
